NCAA
GEORGIA BULLDOGS @ STANFORD CARDINAL
04/14/2025
 
TOP OF THE 1ST
Georgia Bulldogs batting - Pitching for Stanford Cardinal : RHP Wayne Williams
Pitching: RHP Wayne Williams
Batting: LHB Marv Alexander 0-0: Ball
1-0: Foul Ball, location: 2F
1-1: Foul Ball, location: 2F
1-2: Strikes out swinging
Batting: RHB Juan Estrada 0-0: Called Strike
0-1: Swinging Strike
0-2: Ground out 6-3 (Groundball, 6)
Batting: RHB Nick Harris 0-0: Foul Ball, location: 2F
0-1: Foul Ball, location: 2F
0-2: Ball
1-2: Ball
2-2: Fly out, F5 (Popup, 5)
Top of the 1st over - 0 run(s), 0 hit(s), 0 error(s), 0 left on base; Georgia 0 - Stanford 0
BOTTOM OF THE 1ST
Stanford Cardinal batting - Pitching for Georgia Bulldogs : LHP Brian Hodges
Pitching: LHP Brian Hodges
Batting: LHB Bob James 0-0: Foul Ball, location: 2F
0-1: Ball
1-1: Swinging Strike
1-2: Ball
2-2: Ball
3-2: Foul Ball, location: 2F
3-2: Base on Balls
Batting: LHB Alberto Roberts 0-0: Ball
1-0: Called Strike
1-1: SINGLE (Groundball, 4M)
Bob James to second
Batting: RHB Fernando Vargas 0-0: Ball
1-0: Ball
2-0: Ball
3-0: Called Strike
3-1: Base on Balls
Bob James to third
Alberto Roberts to second
Batting: LHB Geoffrey Bird 0-0: Called Strike
0-1: Called Strike
0-2: Foul Ball, location: 2F
0-2: Strikes out swinging
Batting: LHB Manny Vigil 0-0: Called Strike
0-1: Foul Ball, location: 2F
0-2: Foul Ball, location: 2F
0-2: Hit by Pitch
Bob James scores
Alberto Roberts to third
Fernando Vargas to second
Batting: LHB Roderick Delgado 0-0: Ball
1-0: Swinging Strike
1-1: Foul Ball, location: 2F
1-2: Ball
2-2: Strikes out swinging
Batting: RHB Chad Battle 0-0: Fielders Choice at 2nd, U4 (Groundball, 4M)
Bottom of the 1st over - 1 run(s), 1 hit(s), 0 error(s), 3 left on base; Georgia 0 - Stanford 1
TOP OF THE 2ND
Georgia Bulldogs batting - Pitching for Stanford Cardinal : RHP Wayne Williams
Batting: RHB Francisco Rodríguez 0-0: Ball
1-0: Ball
2-0: Called Strike
2-1: Ball
3-1: Foul Ball, location: 2F
3-2: Foul Ball, location: 2F
3-2: Fly out, F7 (Flyball, 78M)
Batting: RHB John Dyer 0-0: Foul Ball, location: 2F
0-1: Ball
1-1: Ball
2-1: Ball
3-1: Called Strike
3-2: Strikes out swinging
Batting: RHB Tom Stoltz 0-0: Ball
1-0: Reached on error, E4 (Groundball, 4M)
Batting: RHB Bryce Dougherty 0-0: Foul Ball, location: 2F
0-1: SINGLE (Popup, 8LS)
Tom Stoltz to second
Runner from 2nd tries for 3rd, SAFE, throw made to third
Bryce Dougherty to second
Batting: RHB Michael Stevenson 0-0: Ball
1-0: Fly out, F6 (Popup, 6D)
Top of the 2nd over - 0 run(s), 1 hit(s), 1 error(s), 2 left on base; Georgia 0 - Stanford 1
BOTTOM OF THE 2ND
Stanford Cardinal batting - Pitching for Georgia Bulldogs : LHP Brian Hodges
Batting: RHB Scott McGuire 0-0: Fly out, F6 (Popup, 5L)
Batting: RHB Foster Robinson 0-0: Ball
1-0: Swinging Strike
1-1: Swinging Strike
1-2: Ball
2-2: Strikes out swinging
Batting: LHB Bob James 0-0: Ball
1-0: Ball
2-0: Foul Ball, location: 2F
2-1: Foul Ball, location: 2F
2-2: Ball
3-2: Foul Ball, location: 2F
3-2: Base on Balls
Batting: LHB Alberto Roberts 0-0: Called Strike
0-1: Ball
1-1: Ball
2-1: Ground out 4-3 (Groundball, 4)
Bottom of the 2nd over - 0 run(s), 0 hit(s), 0 error(s), 1 left on base; Georgia 0 - Stanford 1
TOP OF THE 3RD
Georgia Bulldogs batting - Pitching for Stanford Cardinal : RHP Wayne Williams
Batting: RHB Mario Barker 0-0: Ball
1-0: Called Strike
1-1: Ball
2-1: Bunted foul
2-2: Strikes out swinging
Batting: LHB Marv Alexander 0-0: Ball
1-0: Swinging Strike
1-1: Foul Ball, location: 2F
1-2: Strikes out looking
Batting: RHB Juan Estrada 0-0: Foul Ball, location: 2F
0-1: Foul Ball, location: 2F
0-2: Strikes out swinging
Top of the 3rd over - 0 run(s), 0 hit(s), 0 error(s), 0 left on base; Georgia 0 - Stanford 1
BOTTOM OF THE 3RD
Stanford Cardinal batting - Pitching for Georgia Bulldogs : LHP Brian Hodges
Batting: RHB Fernando Vargas 0-0: Reached on error, E5 (Groundball, 56)
Batting: LHB Geoffrey Bird 0-0: Called Strike
0-1: Ball
1-1: Called Strike
1-2: SINGLE (Line Drive, 56D)
Fernando Vargas to second
Batting: LHB Manny Vigil 0-0: Ball
1-0: Foul Ball, location: 2F
1-1: Ball
2-1: Ball
3-1: Grounds into double play, 1-6-3 (Groundball, 13)
Fernando Vargas to third
Batting: LHB Roderick Delgado 0-0: Called Strike
0-1: Ball
1-1: Called Strike
1-2: Fly out, F8 (Flyball, 8LM)
Bottom of the 3rd over - 0 run(s), 1 hit(s), 1 error(s), 1 left on base; Georgia 0 - Stanford 1
TOP OF THE 4TH
Georgia Bulldogs batting - Pitching for Stanford Cardinal : RHP Wayne Williams
Batting: RHB Nick Harris 0-0: Ball
1-0: Foul Ball, location: 2F
1-1: Fly out, F8 (Flyball, 8LM)
Batting: RHB Francisco Rodríguez 0-0: Called Strike
0-1: Ball
1-1: Ground out 6-3 (Groundball, 6)
Batting: RHB John Dyer 0-0: Ball
1-0: Fly out, F8 (Flyball, 8RS)
Top of the 4th over - 0 run(s), 0 hit(s), 0 error(s), 0 left on base; Georgia 0 - Stanford 1
BOTTOM OF THE 4TH
Stanford Cardinal batting - Pitching for Georgia Bulldogs : LHP Brian Hodges
Batting: RHB Chad Battle 0-0: Ball
1-0: Ball
2-0: Ground out 6-3 (Groundball, 6M)
Batting: RHB Scott McGuire 0-0: Called Strike
0-1: Ball
1-1: Foul Ball, location: 2F
1-2: SINGLE (Groundball, 6MD)
Batting: RHB Foster Robinson 0-0: Called Strike
0-1: Called Strike
0-2: Strikes out swinging
Batting: LHB Bob James 0-0: Swinging Strike
0-1: Swinging Strike
0-2: Foul Ball, location: 2F
0-2: Ground out 3-1 (Groundball, 3)
Bottom of the 4th over - 0 run(s), 1 hit(s), 0 error(s), 1 left on base; Georgia 0 - Stanford 1
TOP OF THE 5TH
Georgia Bulldogs batting - Pitching for Stanford Cardinal : RHP Wayne Williams
Batting: RHB Tom Stoltz 0-0: Ball
1-0: Ground out 5-3 (Groundball, 5)
Batting: RHB Bryce Dougherty 0-0: Called Strike
0-1: Ball
1-1: Swinging Strike
1-2: Ball
2-2: Ball
3-2: Strikes out swinging
Batting: RHB Michael Stevenson 0-0: Swinging Strike
0-1: Ball
1-1: Foul Ball, location: 2F
1-2: Ball
2-2: Ball
3-2: Strikes out swinging
Top of the 5th over - 0 run(s), 0 hit(s), 0 error(s), 0 left on base; Georgia 0 - Stanford 1
BOTTOM OF THE 5TH
Stanford Cardinal batting - Pitching for Georgia Bulldogs : LHP Brian Hodges
Batting: LHB Alberto Roberts 0-0: Foul Ball, location: 2F
0-1: Foul Ball, location: 2F
0-2: Strikes out swinging
Batting: RHB Fernando Vargas 0-0: Called Strike
0-1: Foul Ball, location: 2F
0-2: Foul Ball, location: 2F
0-2: Ball
1-2: Foul Ball, location: 2F
1-2: Ball
2-2: Ground out 5-3 (Groundball, 5)
Batting: LHB Geoffrey Bird 0-0: Called Strike
0-1: Ball
1-1: Ball
2-1: Ball
3-1: Base on Balls
Pitching: RHP Adam Reed
Batting: LHB Manny Vigil 0-0: Called Strike
0-1: Swinging Strike
0-2: Ball
1-2: Strikes out swinging
Bottom of the 5th over - 0 run(s), 0 hit(s), 0 error(s), 1 left on base; Georgia 0 - Stanford 1
TOP OF THE 6TH
Georgia Bulldogs batting - Pitching for Stanford Cardinal : RHP Wayne Williams
Batting: RHB Mario Barker 0-0: Called Strike
0-1: Ball
1-1: Swinging Strike
1-2: Ground out 1-3 (Groundball, 15S)
Batting: LHB Marv Alexander 0-0: Fly out, F5 (Popup, 15S)
Batting: RHB Juan Estrada 0-0: Called Strike
0-1: Ball
1-1: Foul Ball, location: 2F
1-2: Foul Ball, location: 2F
1-2: Foul Ball, location: 2F
1-2: Foul Ball, location: 2F
1-2: Ball
2-2: Ground out 6-3 (Groundball, 6)
Top of the 6th over - 0 run(s), 0 hit(s), 0 error(s), 0 left on base; Georgia 0 - Stanford 1
BOTTOM OF THE 6TH
Stanford Cardinal batting - Pitching for Georgia Bulldogs : RHP Adam Reed
Batting: LHB Roderick Delgado 0-0: Fly out, F2 (Popup, 2RF)
Batting: RHB Chad Battle 0-0: Ground out 4-3 (Groundball, 4)
Batting: RHB Scott McGuire 0-0: Ball
1-0: Ground out 6-3 (Groundball, 56)
Bottom of the 6th over - 0 run(s), 0 hit(s), 0 error(s), 0 left on base; Georgia 0 - Stanford 1
TOP OF THE 7TH
Georgia Bulldogs batting - Pitching for Stanford Cardinal : RHP Wayne Williams
Batting: RHB Nick Harris 0-0: Fly out, F7 (Line Drive, 78M)
Batting: RHB Francisco Rodríguez 0-0: Ground out 5-3 (Groundball, 56)
Batting: RHB John Dyer 0-0: Ball
1-0: Ball
2-0: Ball
3-0: Called Strike
3-1: Fly out, F8 (Flyball, 8LM)
Top of the 7th over - 0 run(s), 0 hit(s), 0 error(s), 0 left on base; Georgia 0 - Stanford 1
BOTTOM OF THE 7TH
Stanford Cardinal batting - Pitching for Georgia Bulldogs : RHP Adam Reed
Batting: RHB Foster Robinson 0-0: Swinging Strike
0-1: Ground out 3-1 (Groundball, 34S)
Batting: LHB Bob James 0-0: Called Strike
0-1: Ball
1-1: Called Strike
1-2: Foul Ball, location: 2F
1-2: Ground out 1-3 (Groundball, 15)
Batting: LHB Alberto Roberts 0-0: Foul Ball, location: 2F
0-1: Foul Ball, location: 2F
0-2: Ball
1-2: Ground out 5-3 (Groundball, 56S)
Bottom of the 7th over - 0 run(s), 0 hit(s), 0 error(s), 0 left on base; Georgia 0 - Stanford 1
TOP OF THE 8TH
Georgia Bulldogs batting - Pitching for Stanford Cardinal : RHP Wayne Williams
Pitching: LHP Robert Cochran
Batting: RHB Tom Stoltz 0-0: Called Strike
0-1: Called Strike
0-2: Ball
1-2: Ball
2-2: Ball
3-2: Foul Ball, location: 2F
3-2: Ground out 4-3 (Groundball, 4)
Pitching: RHP Devin Brown
Batting: RHB Bryce Dougherty 0-0: Ball
1-0: DOUBLE (Line Drive, 7LM)
Batting: RHB Michael Stevenson 0-0: Ball
1-0: Ball
2-0: Ball
3-0: Base on Balls
Batting: RHB Mario Barker 0-0: Ball
1-0: Swinging Strike
1-1: Swinging Strike
1-2: Strikes out swinging
Pitching: LHP Joaquín Carrión
Batting: LHB Marv Alexander 0-0: Ball
1-0: SINGLE (Groundball, 56D)
Bryce Dougherty to third
Michael Stevenson to second
Pitching: RHP Emery Ritchey
Batting: RHB Juan Estrada 0-0: Called Strike
0-1: Ground out 5-3 (Groundball, 5S)
Top of the 8th over - 0 run(s), 2 hit(s), 0 error(s), 3 left on base; Georgia 0 - Stanford 1
BOTTOM OF THE 8TH
Stanford Cardinal batting - Pitching for Georgia Bulldogs : RHP Adam Reed
Pitching: RHP Jon Glass
Batting: RHB Fernando Vargas 0-0: Foul Ball, location: 2F
0-1: Ball
1-1: Swinging Strike
1-2: Ball
2-2: Foul Ball, location: 2F
2-2: Strikes out swinging, 2-3 out at first.
Batting: LHB Geoffrey Bird 0-0: Ball
1-0: Swinging Strike
1-1: DOUBLE (Flyball, 89M)
Batting: LHB Manny Vigil 0-0: Intentional Walk
Batting: LHB Roderick Delgado 0-0: Called Strike
0-1: Called Strike
0-2: Ground out 5-3 (Groundball, 5S)
Geoffrey Bird to third
Manny Vigil to second
Batting: RHB Chad Battle 0-0: Ground out 5-3 (Groundball, 5S)
Bottom of the 8th over - 0 run(s), 1 hit(s), 0 error(s), 2 left on base; Georgia 0 - Stanford 1
TOP OF THE 9TH
Georgia Bulldogs batting - Pitching for Stanford Cardinal : RHP Emery Ritchey
Pitching: RHP Tom Newell
Batting: RHB Nick Harris 0-0: Ball
1-0: Called Strike
1-1: Foul Ball, location: 2F
1-2: Strikes out swinging
Batting: RHB Francisco Rodríguez 0-0: Ball
1-0: Swinging Strike
1-1: Foul Ball, location: 2F
1-2: Ground out 5-3 (Groundball, 15S)
Now at 3B: Daniel Carter
Batting: RHB John Dyer 0-0: Ground out 4-3 (Groundball, 4M)
Top of the 9th over - 0 run(s), 0 hit(s), 0 error(s), 0 left on base; Georgia 0 - Stanford 1
This league is powered by Out of the Park Baseball, the baseball management simulation game for PC, Mac and Linux
Tuesday, August 2nd, 2016 - OOTP Baseball 16.8 Build 38